 Dungeon Crawl Stone Soup version 0.28.0-62-gf88900778d (webtiles) character file.

Game seed: 5791481785585977513

46 cbfl8 the Poker (level 3, -6/30 HPs)
             Began as a Merfolk Berserker on June 28, 2023.
             Was a Believer of Trog.
             Mangled by Sigmund
             ... wielding a +0 scythe
              (10 damage)
             ... on level 2 of the Dungeon.
             The game lasted 00:01:03 (1400 turns).

cbfl8 the Poker (Merfolk Berserker)                 Turns: 1400, Time: 00:01:04

Health: -6/30      AC:  6    Str: 17    XL:     3   Next: 66%
Magic:  3/3        EV: 11    Int:  6    God:    Trog [**....]
Gold:   59         SH:  0    Dex: 15    Spells: 2/2 levels left

rFire   . . .      SeeInvis .   a - +0 spear
rCold   . . .      Faith    .   (no shield)
rNeg    . . .      Spirit   .   h - +0 ring mail
rPois   .          Reflect  .   (no helmet)
rElec   .          Harm     .   (no cloak)
rCorr   .          Rampage  .   (no gloves)
Will    .....                   e - +0 pair of boots
Stlth   ..........              (no amulet)
HPRegen 0.10/turn               (no ring)
MPRegen 0.08/turn               (no ring)

@: confused, on berserk cooldown, slowed, very slow
A: (nimble swimmer 2), mertail
a: Renounce Religion, Berserk, Trog's Hand


You were on level 2 of the Dungeon.
You worshipped Trog.
Trog was pleased with you.
You visited 1 branch of the dungeon, and saw 2 of its levels.

You collected 59 gold pieces.

Inventory:

Hand Weapons
 a - a +0 spear (weapon)
Armour
 e - a +0 pair of boots (worn)
 h - a +0 ring mail (worn)
Scrolls
 c - a scroll of magic mapping {unknown}
 d - 2 scrolls of enchant weapon {unknown}
 g - a scroll of immolation {unknown}
Potions
 f - a potion of mutation {unknown}


   Skills:
 + Level 4.0 Fighting
 + Level 5.2 Polearms
 + Level 1.4 Armour
 + Level 2.8 Dodging
 + Level 0.4 Stealth
 * Level 1.2 Evocations


You had 2 spell levels left.
You didn't know any spells.
Your spell library was empty.

Dungeon Overview and Level Annotations

Branches:
Dungeon (2/15)

Altars:

Annotations:
D:2 Sigmund


Innate Abilities, Weirdness & Mutations

((You are very nimble when in or above water. (Stealth+, EV+, Speed+++)))
Your lower body shifts to a powerful aquatic tail in water.


Message History

The frilled lizard closely misses you.
Unknown command.
You puncture the frilled lizard!
You kill the frilled lizard!
Trog accepts your kill. Something hits you but does no damage.
Unknown command.
You hit the bat.
The bat is heavily wounded.
The bat hits you but does no damage.
Unknown command.
You closely miss the bat.
The bat is heavily wounded.
The bat hits you but does no damage. Something hits you!
Unknown command.
You are too injured to fight recklessly!
Unknown command.
You are too injured to fight recklessly!
Unknown command.
You are too injured to fight recklessly!
Found a scroll labelled OPSIWIY ZESCHAT.
You are no longer berserk.
You are exhausted.
You feel yourself slow down. The dart slug launches a dart at you.
The slug dart hits you.
* * * LOW HITPOINT WARNING * * *
The bat closely misses you. The bat hits you.
* * * LOW HITPOINT WARNING * * *
Something hits you.
* * * LOW HITPOINT WARNING * * *
There is a stone staircase leading up, spattered with blood here.
The bat barely misses you. x2
You hear some strange, mumbled words.
You are confused.
In your confused state, you trip and fall back down the stairs.
* * * LOW HITPOINT WARNING * * *
The bat misses you. Something hits you!
You die...

#...?........
+...?........ .
#...........#
..#..........
............
.......w..#####
........{......
........b......
......)@.......
........#......
..>..##........
..... .........
.... .........
#.# ..........
#. ..........
..........


You could see a dart slug and a bat.

Vanquished Creatures
  2 dart slugs (D:1)
  5 ball pythons
  4 endoplasms
  2 giant cockroaches (D:1)
  2 goblins
  5 hobgoblins (D:1)
  3 jackals (D:1)
  5 bats
  4 frilled lizards
  3 kobolds (D:1)
  2 rats (D:1)
37 creatures vanquished.

Notes
Turn   | Place    | Note
-------+----------+-------------------------------------------
     0 | D:1      | cbfl8 the Merfolk Berserker began the quest for the Orb.
     0 | D:1      | Reached XP level 1. HP: 18/18 MP: 1/1
   208 | D:1      | Reached XP level 2. HP: 20/24 MP: 2/2
   446 | D:1      | Reached skill level 1 in Evocations
   603 | D:1      | Reached ** piety under Trog
   673 | D:1      | Reached XP level 3. HP: 30/30 MP: 3/3
   686 | D:1      | Reached skill level 5 in Polearms
  1224 | D:1      | Found a faded altar of an unknown god.
  1379 | D:2      | Noticed Sigmund
  1400 | D:2      | Mangled by Sigmund

Illustrated notes

Levels and vault maps discovered:
D:1:      roderic_octagonal_star, layout_basic,
          chequers_ecumenical_altar_twisty,
          nicolae_concentric_dashed_squares_mild
D:2:      layout_basic, uniq_sigmund

Skill      XL: |  1  2  3 |
---------------+----------+-----
Evocations     | 1 |  1.2
Polearms       | 5 |  5.2
Fighting       | 4 |  4.0
Armour         | |  1.4
Dodging        | |  2.8
Stealth        | |  0.4

Action                   || total
-------------------------++-------
Melee: Spear             ||   106
       Punch             ||     1
Invok: Berserk           ||     1
 Stab: Sleeping          ||     5
Armor: Animal skin       ||     9
       Ring mail         ||    30
Dodge: Dodged            ||    63
